 Dungeon Crawl Stone Soup version 0.16-a0-327-gbff0e38 (webtiles) character file.

10553 PolkaDot the Summoner (level 11, -1/67 (68) HPs)
             Began as a Vampire Summoner on Sept 5, 2014.
             Was the Champion of Sif Muna.
             Slain by a spiny frog (18 damage)
             ... on Level 4 of the Lair of Beasts.
             The game lasted 01:19:11 (13434 turns).

PolkaDot the Summoner (Vampire Summoner)           Turns: 13434, Time: 01:19:12

HP  -1/67 (68)   AC 11     Str  7      XL: 11   Next: 37%
MP  17/29        EV 12     Int 16 (20) God: Sif Muna [******]
Gold 451         SH  0     Dex 12      Spells:  4 memorised,  1 level left

rFire  + . .     SeeInvis +     h - +8 spear "Grum" {pierce, rN+ SInv Stlth+ Curse}
rCold  + + .     Clarity  .     G - +2 robe {rC+ rF+}
rNeg   + + .     rCorr    +     (no shield)
rPois  +         rRot     .     R - +0 helmet {SInv}
rElec  .         Spirit   .     P - +0 cloak {rPois}
SustAb .         Warding  .     (no gloves)
rMut   .         Stasis   .     u - +0 pair of boots
Gourm  .                        g - amulet of resist corrosion
MR     +....                    l - ring of magical power
                                m - +3 ring of protection

@: about to teleport, somewhat resistant to hostile enchantments, fairly
stealthy
A: bottle blood, fangs 3, icy blue scales 1, see invisible, clumsy 1, cold
resistance 1, unbreathing
a: Bat Form, Bottle Blood, Channel Energy, Forget Spell, Renounce Religion


You were on level 4 of the Lair of Beasts.
You worshipped Sif Muna.
Sif Muna was exalted by your worship.
You were not thirsty.

You visited 3 branches of the dungeon, and saw 14 of its levels.
You also visited: Labyrinth.

You collected 791 gold pieces.
You spent 340 gold pieces at shops.

Inventory:

Hand weapons
 h - the cursed +8 spear "Grum" (weapon) {pierce, rN+ SInv Stlth+ Curse}
   (You bought it in a shop on level 8 of the Dungeon)

   It inflicts extra damage upon your enemies.
   It protects you from negative energy.
   It enhances your eyesight.
   It may recurse itself when equipped.
   It makes you more stealthy.
   It has a curse placed upon it.
 n - a +0 quarterstaff
Armour
 u - a +0 pair of boots (worn)
 G - a +2 robe of resistance (worn)
 P - a +0 cloak of poison resistance (worn)
 R - a +0 helmet of see invisible (worn)
Magical devices
 s - a wand of random effects (14) {unknown}
 A - a wand of magic darts (16) {unknown}
 B - a wand of enslavement (16) {unknown}
 I - a wand of enslavement (6) {unknown}
 K - a wand of fire (5) {unknown}
 L - a wand of draining (8) {unknown}
 M - a wand of lightning (5) {unknown}
Scrolls
 a - 2 scrolls of magic mapping
 c - a scroll of enchant weapon
 e - 2 scrolls of recharging
 q - a scroll of noise
 t - 8 scrolls of immolation
 v - a scroll of teleportation
 w - a scroll of fog {unknown}
 x - a scroll of enchant armour {unknown}
 y - a scroll of brand weapon {unknown}
 C - 7 scrolls of remove curse
Jewellery
 g - an amulet of resist corrosion (around neck)
 l - a ring of magical power (right hand)
 m - a +3 ring of protection (left hand)
Potions
 f - a potion of restore abilities
 k - a potion of agility
 r - 2 potions of might
 D - 3 potions of brilliance
 E - 4 potions of resistance
 F - a potion of flight
Books
 b - a book of Hinderance {god gift}

   Spells                             Type                      Level
   Confusing Touch                    Hexes                        2
   Confuse                            Hexes                        3
   Petrify                            Transmutation/Earth          4
   Leda's Liquefaction                Hexes/Earth                  4
   Metabolic Englaciation             Hexes/Ice                    5
   Summon Mana Viper                  Hexes/Summoning              5
 z - a book of the Warp

   Spells                             Type                      Level
   Control Teleport                   Charms/Translocation         4
   Phase Shift                        Translocation                5
   Warp Weapon                        Charms/Translocation         5
   Dispersal                          Translocation                6
   Controlled Blink                   Translocation                7
   Disjunction                        Translocation                8
 Q - a book of Enchantments

   Spells                             Type                      Level
   Tukima's Dance                     Hexes                        3
   Cause Fear                         Hexes                        4
   Silence                            Hexes/Air                    5
   Deflect Missiles                   Charms/Air                   6
   Haste                              Charms                       6
   Discord                            Hexes                        8
Rods
 H - a +0 rod of clouds (13/13)
   (You found it on level 2 of the Lair of Beasts)
 N - a +2 rod of shadows (12/12)
   (You found it in a labyrinth)


   Skills:
 - Level 2.1 Dodging
 - Level 3.0 Stealth
 + Level 3.4 Spellcasting
 - Level 11.4 Hexes
 + Level 11.5 Summonings
 - Level 10.0 Ice Magic
 * Level 5.3 Air Magic


You had one spell level left.
You knew the following spells:

 Your Spells              Type           Power        Failure   Level  Hunger
d - Call Canine Familiar  Summ           #####...     1%          3    ###....
g - Summon Guardian Gole  Hex/Summ       #####...     1%          4    ####...
i - Summon Ice Beast      Ice/Summ       #####...     1%          4    ####...
s - Summon Lightning Spi  Summ/Air       ####....     8%          4    ####...


Dungeon Overview and Level Annotations

Branches:
Dungeon (9/15)             Temple (1/1) D:5            Lair (4/8) D:8
 Shoals (0/5) Lair:3
    Orc: D:9-12       Snake: Lair:3-6    Spider: Lair:3-6

Altars:
Ashenzari
Cheibriados
Dithmenos
Elyvilon
Fedhas
Gozag
Kikubaaqudgha
Makhleb
Nemelex Xobeh
Okawaru
Qazlal
Sif Muna
Trog
Vehumet
Xom
Yredelemnul
Zin
The Shining One

Shops:
D:8 *?(*


Innate Abilities, Weirdness & Mutations

You can bottle blood from corpses.
You have razor-sharp teeth.
You have supernaturally acute eyesight.
You can survive without breathing.
You are partially covered in icy blue scales (AC +1).
You are clumsy. (Dex -2)
Your flesh is cold resistant.


Message History

What do you say? t - Shout!
Orders for allies: a - Attack new target. r - Retreat! s - Stop attacking. w - Wait here. f - Follow me.
Anything else - Stay silent.
Wait here!
The blink frog hits you!
* * * LOW HITPOINT WARNING * * *
Your ice beast misses the blink frog.
The blink frog blinks!
Drink which item? (? for menu, Esc to quit)
Okay, then.
Casting: Call Canine Familiar
Confirm with . or Enter, or press ? or * to list all spells.
A guardian golem appears, shielding your allies.
The blink frog blinks!
You swap places.
The blink frog blinks!
Read which item? (? for menu, Esc to quit)
As you read the scroll of teleportation, it crumbles to dust.
You feel strangely unstable. The spiny frog stings you!!
You die...

*,,,,,,,..<%........#
,,,,,,,,...........##
*,,,,,,,..........##
*,,,,,,,.........##
*,,,,,,,..........###
,,,,,,,,............#
,,,,,,,,.....YF.%%..#
,,,,,,,,.....Y.8h...#
*,,,,,,,......Y.@...#
.,,,,,,,.#......F...#*
..,,,,,,.............#
..,,,,,,,.#<........##
..,,,,*,,*#.......§##*
#,,,,,,,,*#.........,**
#.**,,*,,>..........#,*
..#,,,,,***..§..F....**
.P*,,,*****,........#*


You could see a spiny frog, 2 blink frogs, a friendly guardian golem, 3 friendly
ice beasts and a friendly hound.

Vanquished Creatures
  An unseen horror (Lab)
  A spiny frog (Lair:2)
  2 blink frogs (Lair:4)
  A basilisk (Lair:3)
  2 shadows (Lab)
  3 hippogriffs
  2 wolves (Lair:2)
  2 water moccasins
  2 porcupines (Lair:1)
  An ice beast (D:5)
  A black bear (Lair:3)
  5 centaurs
  4 crocodiles
  A boring beetle (Lair:4)
  2 giant frogs
  A scorpion (D:8)
  An electric eel (Lair:3)
  A crimson imp (D:8)
  A gnoll shaman (D:7)
  3 hounds
  2 orc priests
  4 iguanas
  4 worker ants
  A hound zombie (D:7)
  A worker ant zombie (D:6)
  6 adders
  A green rat (Lair:1)
  A hound skeleton (D:5)
  An orc zombie (D:5)
  4 giant geckos
  13 orcs
  A ball python (D:2)
  13 goblins
  13 hobgoblins
  8 jackals
  16 kobolds
  8 quokkas
  12 bats
  3 giant cockroaches
  3 giant newts
  A goblin skeleton (D:4)
  7 rats
160 creatures vanquished.

Vanquished Creatures (collateral kills)
  A minotaur (Lab)
  2 hydras (Lair:2)
  A catoblepas (Lair:2)
  Pikel (D:7)
  3 spiny frogs
  2 black mambas
  5 komodo dragons
  A merfolk (Lair:3)
  3 blink frogs (Lair:4)
  A guardian golem (Lair:2)
  A two-headed ogre (D:5)
  4 yaks (Lair:1)
  A hog (D:7)
  A hippogriff (Lair:4)
  A human (D:7)
  9 wolves
  4 water moccasins
  3 orc warriors (D:7)
  A necrophage (D:8)
  A sky beast (D:6)
  2 slaves (D:7)
  An ogre (D:6)
  A phantom (D:4)
  A crocodile (Lair:1)
  3 centaurs (D:7)
  4 giant frogs
  3 big kobolds (D:7)
  Blork the orc (D:5)
  3 scorpions
  A troll skeleton (Lab)
  4 crimson imps
  7 hounds
  3 goliath beetles
  A centaur skeleton (Lab)
  3 gnoll shamans (D:7)
  5 orc priests
  5 orc wizards
  5 iguanas
  3 sheep (D:7)
  6 worker ants
  8 adders
  13 gnolls
  9 green rats (Lair:1)
  Natasha (D:4)
  3 worms
  An adder skeleton (D:7)
  A giant gecko (D:6)
  19 orcs
  A ball python (D:4)
  A bat (D:4)
  2 hobgoblins
  A giant cockroach (D:4)
  5 kobolds
  An orc skeleton (D:4)
  3 quokkas
  A rat (D:7)
  2 plants
180 creatures vanquished.

Vanquished Creatures (others)
  A spiny frog (Lair:1)
  2 guardian golems
  6 wolves
  A giant frog (D:7)
  22 ice beasts
  2 crimson imps (D:7)
  9 hounds
  Natasha (D:4)
  A shadow imp (D:7)
  3 white imps
  A quokka (D:2)
  2 plants (D:8)
51 creatures vanquished.

Grand Total: 391 creatures vanquished

Notes
Turn   | Place    | Note
--------------------------------------------------------------
     0 | D:1      | PolkaDot, the Vampire Summoner, began the quest for the Orb.
     0 | D:1      | Reached XP level 1. HP: 13/13 MP: 3/3
   704 | D:2      | Reached XP level 2. HP: 17/19 MP: 4/4
  1138 | D:2      | Reached skill level 5 in Summonings
  1138 | D:2      | Reached XP level 3. HP: 18/24 MP: 3/6
  1152 | D:2      | Learned a level 3 spell: Call Canine Familiar
  1156 | D:2      | Learned a level 2 spell: Call Imp
  1928 | D:3      | Reached XP level 4. HP: 30/30 MP: 7/7
  2569 | D:3      | Reached XP level 5. HP: 33/35 MP: 11/11
  2576 | D:3      | Learned a level 4 spell: Summon Ice Beast
  2752 | D:5      | Entered Level 5 of the Dungeon
  2763 | D:5      | Found a staircase to the Ecumenical Temple.
  2773 | Temple   | Entered the Ecumenical Temple
  2884 | Temple   | Became a worshipper of Sif Muna the Loreminder
  3096 | D:5      | Reached skill level 1 in Ice Magic
  3321 | D:5      | Noticed an ice beast
  3333 | D:5      | Killed an ice beast
  3333 | D:5      | Reached XP level 6. HP: 29/41 MP: 12/12
  3370 | D:5      | Found a stormy altar of Qazlal.
  3661 | D:5      | Noticed a two-headed ogre
  3666 | D:5      | Killed a two-headed ogre
  3875 | D:5      | Noticed Blork the orc
  3886 | D:5      | Killed Blork the orc
  3886 | D:5      | Acquired Sif Muna's first power
  3886 | D:5      | Reached skill level 5 in Ice Magic
  4213 | D:4      | Noticed Natasha
  4223 | D:4      | Killed Natasha
  4223 | D:4      | Reached XP level 7. HP: 39/46 MP: 14/14
  4298 | D:4      | Noticed Natasha
  4309 | D:4      | Killed Natasha
  4630 | D:4      | HP: 2/46 [poison (a potion of poison)]
  4632 | D:4      | Reached skill level 6 in Ice Magic
  4772 | D:4      | Noticed a phantom
  4791 | D:4      | Killed a phantom
  5368 | D:6      | Reached skill level 7 in Summonings
  5417 | D:6      | Acquired Sif Muna's second power
  5441 | D:6      | Reached XP level 8. HP: 38/52 MP: 16/16
  5456 | D:6      | Found a glowing silver altar of Zin.
  5593 | D:6      | Reached skill level 8 in Summonings
  6053 | D:7      | Reached skill level 9 in Summonings
  6491 | D:7      | Reached skill level 10 in Summonings
  6551 | D:7      | Noticed Pikel
  6586 | D:7      | Killed Pikel
  6586 | D:7      | Reached XP level 9. HP: 46/57 MP: 17/17
  6928 | D:7      | Reached skill level 11 in Summonings
  7544 | D:8      | Learned a level 4 spell: Summon Guardian Golem
  7748 | D:8      | Found Midaq's Magic Scroll Emporium.
  7776 | D:8      | Found Giaj's Assorted Antiques.
  7782 | D:8      | Bought a shimmering spear for 224 gold pieces
  7783 | D:8      | Identified the cursed +8 spear "Grum" {pierce, rN+ SInv Stlth+ Curse} (You bought it in a shop on level 8 of the Dungeon)
  7794 | D:8      | Acquired Sif Muna's third power
  8185 | D:8      | Found Jerphem's Assorted Antiques.
  8210 | D:8      | Found a staircase to the Lair.
  8212 | D:8      | Noticed a komodo dragon
  8222 | D:8      | Killed a komodo dragon
  8236 | D:8      | Found Uvicw's Antique Weapon Shop.
  8251 | D:8      | Bought a quarterstaff for 116 gold pieces
  8496 | Lair:1   | Entered Level 1 of the Lair of Beasts
  8496 | Lair:1   | Noticed a spiny frog
  8504 | Lair:1   | Killed a spiny frog
  8619 | Lair:1   | Noticed a spiny frog
  8652 | Lair:1   | Killed a spiny frog
  8652 | Lair:1   | Reached skill level 5 in Hexes
  8652 | Lair:1   | Reached XP level 10. HP: 12/60 MP: 4/18
  8855 | Lair:1   | Learned a level 4 spell: Summon Lightning Spire
  8899 | Lair:1   | Noticed a black mamba
  8914 | Lair:1   | Killed a black mamba
  9273 | Lair:2   | Noticed a seven-headed hydra
  9285 | Lair:2   | Killed a seven-headed hydra
  9436 | Lair:2   | Noticed an eight-headed hydra
  9445 | Lair:2   | Killed an eight-headed hydra
  9706 | Lair:2   | Reached skill level 10 in Hexes
  9738 | Lair:2   | Gained mutation: You are partially covered in icy blue scales (AC +1). [potion of mutation]
  9738 | Lair:2   | Gained mutation: You are clumsy. (Dex -2) [potion of mutation]
  9739 | Lair:2   | Gained mutation: You are weak. (Str -2) [potion of mutation]
  9739 | Lair:2   | Lost mutation: You are weak. (Str -2) [potion of mutation]
  9739 | Lair:2   | Gained mutation: Your flesh is cold resistant. [potion of mutation]
  9910 | Lair:2   | Received a gift from Sif Muna
 10012 | Lair:2   | Noticed a black mamba
 10018 | Lair:2   | Killed a black mamba
 10267 | Lair:2   | Noticed a catoblepas
 10294 | Lair:2   | Killed a catoblepas
 10294 | Lair:2   | Reached skill level 1 in Air Magic
 10860 | Lair:3   | Found a staircase to the Shoals.
 11385 | Lair:3   | Reached XP level 11. HP: 29/65 MP: 20/20
 12109 | Lair:3   | Reached skill level 10 in Ice Magic
 12217 | Lair:4   | Found a labyrinth entrance.
 12225 | Lab      | Entered a labyrinth
 12268 | Lab      | Noticed an unseen horror
 12313 | Lab      | Killed an unseen horror
 12723 | Lab      | Noticed a minotaur
 12733 | Lab      | Killed a minotaur
 13293 | Lair:4   | Reached skill level 5 in Air Magic
 13434 | Lair:4   | Slain by a spiny frog

Action                   |  1- 3 |  4- 6 |  7- 9 | 10-12 || total
-------------------------+-------+-------+-------+-------++-------
Melee: Whip              |    25 |       |       |       ||    25
       Unarmed           |     5 |       |       |       ||     5
       Short sword       |    94 |   175 |   278 |       ||   547
       Spear             |       |       |    62 |   173 ||   235
 Cast: Summon Small Mamm |     7 |       |       |       ||     7
       Call Imp          |     4 |     9 |     7 |       ||    20
       Call Canine Famil |     1 |     8 |    22 |    14 ||    45
       Summon Ice Beast  |       |    11 |    82 |    80 ||   173
       Summon Guardian G |       |       |     1 |    10 ||    11
       Summon Lightning  |       |       |       |     7 ||     7
Invok: Channel Energy    |       |       |    80 |   116 ||   196
 Abil: Bottle Blood      |       |       |    40 |     9 ||    49
  Use: Potion            |     1 |       |    50 |    23 ||    74
       Scroll            |       |     9 |     5 |    15 ||    29
 Stab: Sleeping          |     3 |     3 |    11 |     8 ||    25
       Distracted        |       |     1 |     1 |     5 ||     7
  Eat: Corpse            |    13 |    20 |    13 |    18 ||    64
